Map: Whispers of Gold

Players

datail

  • Race: Terran Terran
  • League: Bronze
  • Spawn Location: 5:00

wootwoot - Winner!

  • Race: Zerg Zerg
  • League: Bronze
  • Spawn Location: 9:00

VOD

Have the link to the VOD?

Description

Time

  • Played on: April 1, 2025, 2:31 p.m.
  • Length: 4:37
Show
View Real Time Build Order
Export as new Build Order

datail Terran 

Build Orders:  

Get SALT Encoding   

  12  0:14  SCV  
  13  0:23  Supply Depot  
  13  0:30  SCV  
  14  0:40  Refinery  
  15  0:42  SCV  
  15  0:55  SCV  
  16  0:59  Barracks  
  16  1:07  SCV  
  17  1:19  SCV  
  18  1:26  Barracks  
  18  1:31  SCV  
  19  1:43  Supply Depot  
  18  1:53  Barracks Reactor  
  18  1:59  Bunker  
  18  2:07  SCV  
  19  2:20  Refinery  
  19  2:29  Supply Depot, Barracks Tech Lab  
  20  2:39  SCV  
  20  2:47  Engineering Bay  
  20  2:48  Reaper x2  
  20  2:50  Marine  
  23  3:02  Supply Depot  
  23  3:11  Concussive Shells  
  23  3:18  SCV  
  24  3:20  Marine x2  
  26  3:29  Marine  
  27  3:38  Reaper  
  28  3:43  Marine  
  28  3:48  Marauder  
  30  4:01  Marine  
  26  4:09  Marine  
  16  4:10  Marine  
  10  4:19  Marine  
  10  4:23  SCV  
Show
View Real Time Build Order
Export as new Build Order

wootwoot Zerg - Winner!

Build Orders: Hatch First, Zergling Baneling 

Get SALT Encoding   

  12  0:00  Drone  
  13  0:09  Drone  
  14  0:17  Overlord  
  14  0:35  Drone x3  
  17  0:50  Hatchery  
  17  0:55  Drone  
  17  0:58  Drone  
  17  1:01  Extractor  
  17  1:15  Spawning Pool  
  17  1:18  Drone  
  17  1:22  Drone  
  18  1:29  Drone  
  19  1:52  Overlord  
  19  2:01  Metabolic Boost  
  19  2:03  Zergling x6  
  19  2:07  Queen  
  24  2:20  Queen  
  26  2:25  Zergling x2  
  28  2:30  Zergling x4  
  29  2:38  Baneling Nest  
  29  2:40  Drone  
  29  2:50  Zergling x4  
  31  3:00  Overlord  
  31  3:05  Zergling x6  
  33  3:11  Zergling x2  
  35  3:17  Overlord  
  36  3:20  Zergling x2  
  36  3:23  Baneling x2  
  36  3:24  Baneling  
  36  3:25  Baneling  
  36  3:27  Baneling  
  36  3:29  Baneling  
  36  3:31  Baneling  
  36  3:34  Baneling  
  36  3:38  Zergling x2  
  37  3:45  Zergling x4  
  36  4:01  Zergling x10  
  39  4:07  Drone x2  
  41  4:10  Drone  
  41  4:13  Drone  
  42  4:17  Drone  
  42  4:23  Drone  
Tags
 
Matchup
TvZ
Replay Pack
B2M-Replays
Spawn Locations
Cross Positions
Add a new tag
Caveats
  • Supply blocks, unpowered buildings, or Contaminate may cause inaccurate times.
  • Supply counts are checked every 10 seconds.